AoeStats
← LimitBid70

Golden Pit

509827725Analyzed
1v1 RM · 3d ago on Sep 28, 2026· 45m 51s· 2 players
Game mode
Random Map
Map size
Tiny (2 player)
Population
200
Speed
Normal
Resources
Standard
Victory
Conquest
Starting age
Dark Age
Ending age
Imperial Age
RankedLock teamsTeams togetherTeam positionsShared explorationLock speedFull tech treeHidden civsTurbo modeCheats
Victory
Defeat
🇦🇺 Cumans · Australia
1185
+19
🇵🇪 Danes · Peru
1247
-19
LimitBid70
10:21 Feudal Age
11:34 Double-Bit Axe
16:55 Fletching
17:43 Town Watch
18:48 Loom
19:38 Wheelbarrow
21:01 Gold Mining
24:17 Castle Age
23:27 Bloodlines
23:59 Forging
23:54 Scale Barding Armor
25:49 Iron Casting
25:32 Bodkin Arrow
29:10 Chain Barding Armor
29:27 Iron Casting
30:19 Bow Saw
35:16 Crossbowman
36:02 Thumb Ring
35:18 Elite Skirmisher
36:02 Bodkin Arrow
36:07 Padded Archer Armor
37:09 Ballistics
38:11 Leather Archer Armor
41:43 Imperial Age
39:30 Capped Ram
40:40 Hand Cart
40:28 Town Patrol
41:50 Siege Ram
43:50 Chemistry
43:27 Ring Archer Armor
42:53 Elite Steppe Lancer
44:44 Two-Man Saw
44:42 Plate Barding Armor
45:19 Blast Furnace
DCW-NEWT 7w7
5:51 Loom
6:02 Loom
9:26 Feudal Age
9:42 Man-at-Arms
13:31 Double-Bit Axe
16:25 Wheelbarrow
19:47 Castle Age
18:40 Gold Mining
19:48 Arson
21:02 Wheelbarrow
22:30 Bow Saw
22:57 Squires
23:11 Town Watch
24:41 Forging
24:34 Horse Collar
29:33 Scale Mail Armor
30:08 Iron Casting
29:51 Hand Cart
29:53 Town Patrol
29:51 Stone Mining
32:04 Chain Mail Armor
32:42 Hamask
33:41 Gambesons
41:55 Imperial Age
40:16 Fletching
40:27 Padded Archer Armor
40:20 Elite Skirmisher
43:17 Ballistics
43:24 Conscription
43:09 Heavy Plow
44:16 Plate Mail Armor
43:42 Bodkin Arrow
43:56 Thumb Ring
44:56 Chemistry
44:34 Elite Jomsviking
Connection lost

Rejoining the realm…

Still unreachable

The connection could not be restored.

Session expired

The server has moved on; the page needs a fresh start.